 Dungeon Crawl Stone Soup version 0.31.0-32-g396128a36d (webtiles) character file.

Game seed: 13229862110962346250

1021 ChadusMaximus the Summoner (level 8, -1/52 HPs)
             Began as a Barachi Summoner on Mar 28, 2024.
             Slain by a phantom (6 damage)
             ... on level 4 of the Dungeon.
             The game lasted 00:05:22 (3957 turns).

ChadusMaximus the Summoner (Barachi Summoner)       Turns: 3957, Time: 00:05:22

Health: -1/52      AC:  3    Str:  7 (10) XL:     8   Next: 22%
Magic:  11/16      EV: 12    Int: 16 (18) God:
Gold:   104        SH:  0    Dex: 11 (12) Spells: 12/18 levels left

rFire   . . .        n - +0 sling
rCold   . . .        (no shield)
rNeg    . . .        a - +0 robe
rPois   .            (no helmet)
rElec   .            (no cloak)
rCorr   .            f - +0 pair of gloves
SInv    .            (no boots)
Will    .....        (no amulet)
Stlth   ++           (no ring)
HPRegen 0.28/turn    (no ring)
MPRegen 0.15/turn

%: no passive effects
@: inugami summoned, slow
A: amphibious, slowness 1, strong legs 1, +LOS
a: Hop


You were on level 4 of the Dungeon.
You visited 1 branch of the dungeon, and saw 4 of its levels.

You collected 104 gold pieces.

Inventory:

Hand Weapons
 d - a +0 club
 i - a +0 short sword
 l - a +0 longbow
 m - a +0 mace of protection
 n - a +0 sling (weapon)
Armour
 a - a +0 robe (worn)
 f - a +0 pair of gloves (worn)
Jewellery
 o - the ring "Xecharu" {rC+ Str+4}
   (You found it on level 4 of the Dungeon)

   [ring of protection from cold]

   Str+4:     It affects your strength (+4).
   rC+:       It protects you from cold.
Scrolls
 j - 4 scrolls of identify {unknown}
 k - a scroll of teleportation {unknown}
 p - a scroll of revelation {unknown}
 q - a scroll of brand weapon {unknown}
Potions
 b - a potion of magic
 c - a potion of invisibility {unknown}
 e - a potion of lignification {unknown}
 g - a potion of curing {unknown}
 h - a potion of degeneration


   Skills:
 - Level 2.1 Dodging
 - Level 1.7 Stealth
 + Level 5.7 Spellcasting
 * Level 10.3 Summonings


You had 12 spell levels left.
You knew the following spells:

 Your Spells              Type           Power      Damage    Failure   Level
a - Summon Small Mammal   Summ           100%       N/A       1%          1
b - Call Canine Familiar  Summ           37%        N/A       1%          3
c - Call Imp              Summ           74%        N/A       1%          2

Your spell library contained the following spells:

 Spells                   Type           Power      Damage    Failure   Level
 Necrotise                Necr           16%        1d4       14%         1
 Martyr's Knell           Necr/Summ      21%        N/A       17%         4
 Summon Blazeheart Golem  Fire/Summ      21%        N/A       17%         4
 Summon Lightning Spire   Summ/Air       21%        N/A       17%         4
 Vampiric Draining        Necr           4%         2d6       38%         3
 Curse of Agony           Necr           4%         N/A       98%         5


Dungeon Overview and Level Annotations

Branches:
Dungeon (4/15)
 Temple: D:4-7

Altars:
Elyvilon

Shops:
D:2 (


Innate Abilities, Weirdness & Mutations

You are amphibious.
You cover ground slowly.
You can hop short distances.
You have an extended range of vision and can be seen from far away.


Message History

The phantom hits you but does no damage.
The phantom hits you but does no damage.
The phantom barely misses you. The phantom hits you.
The phantom blinks!
You blink.
Your cerulean imp misses the phantom.
The phantom hits you.
The phantom blinks!
You blink. 3 orcs come into view.
Found a hand axe.
An orc comes into view. It is wielding a +0 falchion.
An orc comes into view. It is wielding a +0 dagger.
The orc shouts!
The phantom closely misses you.
The orc shouts!
The phantom hits you.
* * * LOW HITPOINT WARNING * * *
The phantom blinks!
You blink.
Unknown command.
The phantom closely misses you. The phantom barely misses you.
Your cerulean imp misses the phantom.
Casting: Call Imp (safe; 1% risk of failure)
Confirm with . or Enter, or press ? or * to list all spells.
A tiny devil pulls itself out of the air.
Your cerulean imp disappears in a puff of smoke!
The phantom hits you.
* * * LOW HITPOINT WARNING * * *
Your cerulean imp barely misses the phantom.
The phantom attacks as it pursues you!
The phantom hits you but does no damage.
You shoot a sling bullet.
The sling bullet closely misses the phantom.
The phantom barely misses you.
Your cerulean imp misses the phantom.
The phantom hits you!
* * * LOW HITPOINT WARNING * * *
The phantom blinks!
You blink.
Unknown command.
It was a potion of degeneration.
There was something very wrong with that liquid.
You feel weakened.
You feel dopey.
You feel clumsy. The phantom hits you.
You die...

...............##..#.##))...# #
...............##.........###
(.............)##..#..#.#....#
..............###...#...####.#
......#..................## ..
.............#.§§§§§##....# ##
.............#..§§§.#>.#.)#
..............5.W§§.§.##..####
................@§....##.....#
..P............).)....##...#.##
....##.#.....#.##########..#..###
o... #.#....h.... #..##...#
....##..o.#........ #.#####.#
).................~~. #.# #..
##............~≈~~~ #.# ##.
#.............~~~~ #.# ## ##
#....P.....##.~~~. ..# ##


You could see a phantom (ally target), an orc, a friendly cerulean imp
(summoned) and a friendly inugami (summoned).

Vanquished Creatures
  2 phantoms (D:4)
  An adder (D:2)
  An adder zombie (D:4)
  A dart slug (D:2)
  3 orcs (D:4)
  6 endoplasms
  A hobgoblin (D:1)
  3 kobolds
  A quokka (D:2)
  8 ball pythons
  5 bats
  4 frilled lizards
  A rat (D:3)
37 creatures vanquished.

Vanquished Creatures (collateral kills)
  Grinder (D:3)
  2 phantoms (D:4)
  A water moccasin skeleton (D:4)
  A jelly (D:4)
  2 orc priests (D:4)
  Jessica (D:3)
  2 scorpion zombies (D:4)
  An iguana (D:4)
  2 orc wizards (D:4)
  Terence (D:3)
  4 hound zombies (D:4)
  3 adders
  5 adder zombies (D:4)
  An adder skeleton (D:4)
  A dart slug (D:1)
  8 orcs (D:4)
  2 endoplasms (D:1)
  A giant cockroach (D:4)
  3 goblins
  A quokka (D:2)
  2 ball pythons
  2 frilled lizards
  2 kobolds
  A quokka zombie (D:4)
  2 rats
52 creatures vanquished.

Vanquished Creatures (others)
  An orc wizard (D:4)
1 creature vanquished.

Grand Total: 90 creatures vanquished

Notes
Turn   | Place    | Note
-------+----------+-------------------------------------------
     0 | D:1      | ChadusMaximus the Barachi Summoner began the quest for the
                  | Orb.
     0 | D:1      | Reached XP level 1. HP: 13/13 MP: 3/3
   107 | D:1      | Reached skill level 5 in Summonings
   282 | D:1      | Reached XP level 2. HP: 19/19 MP: 1/5
  1371 | D:2      | Reached XP level 3. HP: 24/24 MP: 7/7
  1375 | D:2      | Learned a level 3 spell: Call Canine Familiar
  1378 | D:2      | Learned a level 2 spell: Call Imp
  1783 | D:2      | Found Xekliod's Antique Weapon Emporium.
  1891 | D:2      | Reached skill level 6 in Summonings
  2193 | D:3      | Noticed Jessica
  2211 | D:3      | Killed Jessica
  2212 | D:3      | Reached XP level 4. HP: 30/30 MP: 3/8
  2283 | D:3      | Found a white marble altar of Elyvilon.
  2419 | D:3      | Noticed Grinder
  2457 | D:3      | Killed Grinder
  2458 | D:3      | Reached skill level 7 in Summonings
  2458 | D:3      | Reached XP level 5. HP: 12/35 MP: 3/11
  2458 | D:3      | Reached XP level 6. HP: 14/41 MP: 3/12
  2726 | D:3      | Noticed Terence
  2737 | D:3      | Killed Terence
  2936 | D:4      | Reached skill level 8 in Summonings
  2945 | D:4      | Reached XP level 7. HP: 23/46 MP: 1/14
  3269 | D:4      | Identified the ring "Xecharu" {rC+ Str+4}
  3375 | D:4      | Reached skill level 5 in Spellcasting
  3375 | D:4      | Reached skill level 9 in Summonings
  3824 | D:4      | Reached XP level 8. HP: 44/52 MP: 10/16
  3845 | D:4      | Reached skill level 10 in Summonings
  3957 | D:4      | Slain by a phantom

Illustrated notes

Levels and vault maps discovered:
D:1:      minmay_arrival_checkered_box, layout_basic
D:2:      layout_loops_ring, serial_shops, shop, hangedman_decor_push
D:3:      layout_basic, nicolae_elyvilon_temple_path, uniq_jessica,
          uniq_grinder, uniq_terence
D:4:      layout_rooms, serial_undead, serial_undead_a, serial_undead_b,
          serial_undead_b, serial_undead_b, serial_undead_b, serial_undead_b,
          serial_undead_a, serial_undead_a, serial_undead_a, serial_undead_f,
          kennysheep_generic_room_4

Skill      XL: |  1  2  3  4  5  6  7  8 |
---------------+-------------------------+-----
Summonings     | 5 6 7 8 9 10 | 10.3
Spellcasting   | 3 4 5 |  5.7
Dodging        | |  2.1
Stealth        | |  1.7

Action                     |  1- 3 |  4- 6 |  7- 9 || total
---------------------------+-------+-------+-------++-------
  Melee: Club              |    38 |       |       ||    38
         Unarmed           |     5 |       |       ||     5
         Short sword       |    57 |       |       ||    57
         Punch             |     3 |       |       ||     3
   Fire: Longbow           |     5 |     8 |       ||    13
         Sling             |       |    15 |   121 ||   136
   Cast: Summon Small Mamm |    24 |     9 |    12 ||    45
         Call Imp          |     4 |     5 |    15 ||    24
         Call Canine Famil |     1 |     4 |     9 ||    14
    Use: Potion            |       |       |     1 ||     1
   Stab: Sleeping          |     5 |       |       ||     5
 Armour: Robe              |    55 |    26 |    95 ||   176
  Dodge: Dodged            |    95 |    40 |    84 ||   219
